 Dungeon Crawl Stone Soup version 0.26.0-57-g60708a5e39 (webtiles) character file.

Game seed: 4310076408585014972

58 Gadfly the Cudgeller (level 4, -4/44 HPs)
             Began as an Ogre Gladiator on Feb 2, 2021.
             Killed from afar by Jessica (12 damage)
             ... with a puff of flame
             ... on level 2 of the Dungeon.
             The game lasted 00:02:05 (1871 turns).

Gadfly the Cudgeller (Ogre Gladiator)               Turns: 1871, Time: 00:02:06

Health: -4/44      AC:  4    Str: 19    XL:     4   Next: 1%
Magic:  5/5        EV: 10    Int:  9    God:
Gold:   54         SH:  0    Dex: 10    Spells: 3/3 levels left

rFire    . . .     SeeInvis +   a - +0 flail
rCold    . . .     Faith    .   (no shield)
rNeg     . . .     Spirit   .   b - +0 robe
rPois    .         Reflect  .   c - +0 hat
rElec    .         Harm     .   h - +0 cloak
rCorr    .         Rampage  .   (gloves unavailable)
Will     .....                  (boots unavailable)
Stlth    +.........             (no amulet)
HPRegen  0.14/turn              i - ring of see invisible
MPRegen  0.09/turn              (no ring)

@: slowed, very slow
A: large, unfitting armour, tough skin 1
a: no special abilities


You were on level 2 of the Dungeon.
You visited 1 branch of the dungeon, and saw 2 of its levels.

You collected 54 gold pieces.

Inventory:

Hand Weapons
 a - a +0 flail (weapon)
Missiles
 d - 3 throwing nets
 g - 27 stones (quivered)
 l - 3 large rocks
Armour
 b - a +0 robe (worn)
 c - a +0 hat (worn)
 h - a +0 cloak (worn)
Jewellery
 i - a ring of see invisible (left hand)
Wands
 j - a wand of flame (19)
Scrolls
 k - a scroll of identify {unknown}
Potions
 f - a potion of haste {unknown}


   Skills:
 - Level 2.6 Fighting
 + Level 2.8 Maces & Flails
 + Level 2.2 Throwing
 * Level 1.2 Armour
 - Level 2.6 Dodging
 * Level 1.9 Invocations
 * Level 1.2 Evocations


You had 3 spell levels left.
You didn't know any spells.
Your spell library was empty.

Dungeon Overview and Level Annotations

Branches:
Dungeon (2/15)

Altars:

Annotations:
D:2 Jessica


Innate Abilities, Weirdness & Mutations

You are too large for most types of armour.
You have tough skin. (AC +1)


Message History

The bat hits you but does no damage. The bat barely misses you.
The jackal closely misses you.
The frilled lizard bites you but does no damage.
The bat hits you but does no damage. The jackal closely misses you.
Jessica says, "Why did you come here?"
Jessica zaps a wand.
The puff of flame hits you.
* * * LOW HITPOINT WARNING * * *
The bat hits you but does no damage.
The jackal bites you but does no damage.
You barely miss the bat. The bat closely misses you.
Jessica gestures wildly while chanting.
Jessica blinks!
The jackal completely misses you. Jessica hits you but does no damage.
The bat hits you but does no damage. The jackal misses you.
Jessica casts a spell at you. You resist with some effort.
The bat closely misses you. The jackal barely misses you.
Jessica shouts, "I don't like beings like you!"
Jessica zaps a wand.
The puff of flame hits you!
You die...

#....# .##.....#.##
#....#####.# ... #..
..##.# .... #.# #.##)#
....######.# #.#..###
......>....######.)....##
.............†............
.......b.@.##.†....####.##
........@h.#..###### .[.
...###.l##..## #.
#.........# . #.........#
#........)# ####....###
##..## ##..


You could see Jessica (fast), a jackal, a bat and a frilled lizard.

Vanquished Creatures
  2 adders (D:2)
  A leopard gecko (D:1)
  6 hobgoblins
  A jackal (D:2)
  5 kobolds
  A quokka (D:2)
  5 bats
  3 frilled lizards (D:1)
  8 goblins
  8 rats (D:1)
40 creatures vanquished.

Notes
Turn   | Place    | Note
-------+----------+-------------------------------------------
     0 | D:1      | Gadfly the Ogre Gladiator began the quest for the Orb.
     0 | D:1      | Reached XP level 1. HP: 22/22 MP: 1/1
    65 | D:1      | Reached XP level 2. HP: 10/29 MP: 2/2
   403 | D:1      | Reached skill level 1 in Invocations
   900 | D:1      | Reached XP level 3. HP: 15/36 MP: 3/3
   904 | D:1      | Reached skill level 1 in Armour
  1320 | D:2      | Reached skill level 1 in Evocations
  1845 | D:2      | Reached XP level 4. HP: 43/44 MP: 5/5
  1847 | D:2      | Noticed Jessica
  1871 | D:2      | Killed from afar by Jessica

Illustrated notes

Levels and vault maps discovered:
D:1:      nzn_arrival_settlement, layout_rooms, chequers_serial_rivers_micro_a,
          minmay_three_crescents
D:2:      layout_rooms, chequers_ecumenical_altar_simple_redux,
          minmay_pentomino_v4, uniq_jessica

Skill      XL: |  1  2  3 |
---------------+----------+-----
Invocations    | 1 |  1.9
Armour         | 1 |  1.2
Evocations     | 1 |  1.2
Fighting       | |  2.6
Maces & Flails | |  2.8
Throwing       | |  2.2
Dodging        | |  2.6

Action                   |  1- 3 |  4- 6 || total
-------------------------+-------+-------++-------
Melee: Flail             |   123 |    15 ||   138
  Use: Scroll            |     4 |       ||     4
       Potion            |     1 |     1 ||     2
Armor: Robe              |    44 |    19 ||    63
Dodge: Dodged            |    76 |    30 ||   106
